3168 views
Uploaded 2020-04-09 00:44:28
Game version 1.32.3
14:47 long 1on1 ladder game on (3)NomadIsles
Saved by Cadenza
3168 views
Uploaded 2020-04-09 00:44:28
Game version 1.32.3
14:47 long 1on1 ladder game on (3)NomadIsles

30 units @ 4.3k
/ 0.5k
15 buildings @ 1.6k
/ 0.4k



| Scroll of Regeneration | 2 | 200 |
| Potion of Healing | 2 | 300 |
| Potion of Lesser Invulnerability | 2 | 300 |
| total: | 6 | 800g |
| Peasant | 12 | 900 | / | 0 |
| Footman | 7 | 945 | / | 0 |
| Knight | 7 | 1715 | / | 420 |
| Forest Troll Shadow Priest | 4 | 780 | / | 40 |
| total: | 30 | 4340g | / | 460w |
| Altar of Kings | 1 | 180 | / | 50 |
| Barracks | 2 | 320 | / | 120 |
| Farm | 9 | 720 | / | 180 |
| Arcane Vault | 1 | 130 | / | 30 |
| Blacksmith | 1 | 140 | / | 60 |
| Lumber Mill | 1 | 120 | / | 0 |
| Keep | 1 | 320 | / | 210 |
| Castle | 1 | 360 | / | 210 |
| total: | 15 | 1610g | / | 440w |
| 0:02 | Peasant |
| 0:06 | Altar of Kings |
| 0:16 | Barracks |
| 0:19 | Farm |
| 0:20 | Peasant |
| 0:21 | Peasant |
| 0:34 | Peasant |
| 0:35 | Peasant |
| 1:07 | Farm |
| 1:12 | Peasant |
| 1:16 | Peasant |
| 1:18 | Footman |
| 1:27 | Peasant |
| 1:36 | Farm |
| 1:45 | Footman |
| 2:05 | Peasant |
| 2:08 | Summon Water Elemental |
| 2:08 | Summon Water Elemental |
| 2:13 | Footman |
| 2:25 | Peasant |
| 2:34 | Forest Troll Shadow Priest |
| 3:03 | Peasant |
| 3:03 | Footman |
| 3:05 | Brilliance Aura |
| 3:09 | Farm |
| 3:21 | Footman |
| 3:22 | Peasant |
| 3:33 | Arcane Vault |
| 3:55 | Keep |
| 4:14 | Footman |
| 4:29 | Forest Troll Shadow Priest |
| 4:35 | Footman |
| 4:58 | Summon Water Elemental |
| 5:23 | Blacksmith |
| 5:25 | Farm |
| 5:26 | Farm |
| 5:29 | Scroll of Regeneration |
| 5:31 | Scroll of Regeneration |
| 5:38 | Defend |
| 5:47 | Lumber Mill |
| 6:03 | Farm |
| 6:51 | Forest Troll Shadow Priest |
| 7:21 | Forest Troll Shadow Priest |
| 7:47 | Brilliance Aura |
| 7:49 | Thunder Clap |
| 7:54 | Iron Forged Swords |
| 7:57 | Castle |
| 8:06 | Potion of Lesser Invulnerability |
| 8:06 | Potion of Lesser Invulnerability |
| 8:21 | Iron Plating |
| 9:00 | Storm Bolt |
| 9:08 | Farm |
| 9:09 | Farm |
| 10:26 | Sundering Blades |
| 10:28 | Barracks |
| 10:55 | Animal War Training |
| 11:12 | Knight |
| 11:13 | Knight |
| 11:24 | Holy Light |
| 11:29 | Steel Forged Swords |
| 11:55 | Knight |
| 12:05 | Potion of Healing |
| 12:10 | Potion of Healing |
| 12:26 | Knight |
| 12:28 | Knight |
| 12:55 | Thunder Clap |
| 13:05 | Knight |
| 13:46 | Summon Water Elemental |
| 14:10 | Knight |
| 14:42 | Storm Bolt |
| 14:42 | Storm Bolt |
| Select | 537 |
| Right click | 316 |
| Misc. action | 162 |
| Build/train/purchase | 101 |
| Use ability | 17 |
| Assign group | 2 |
| Esc | 2 |
| Select group | 1 |
21 units @ 2.8k
/ 0.2k
19 buildings @ 2.1k
/ 0.6k


| Scroll of Regeneration | 3 | 300 |
| total: | 3 | 300g |
| Peasant | 8 | 600 | / | 0 |
| Footman | 6 | 810 | / | 0 |
| Rifleman | 7 | 1435 | / | 210 |
| total: | 21 | 2845g | / | 210w |
| Altar of Kings | 2 | 360 | / | 100 |
| Barracks | 2 | 320 | / | 120 |
| Farm | 10 | 800 | / | 200 |
| Arcane Vault | 1 | 130 | / | 30 |
| Lumber Mill | 1 | 120 | / | 0 |
| Blacksmith | 3 | 420 | / | 180 |
| Keep | 1 | 320 | / | 210 |
| total: | 19 | 2150g | / | 630w |
| 0:06 | Peasant |
| 0:09 | Altar of Kings |
| 0:12 | Barracks |
| 0:16 | Altar of Kings |
| 0:19 | Farm |
| 0:22 | Peasant |
| 0:42 | Peasant |
| 0:57 | Farm |
| 1:29 | Peasant |
| 1:34 | Footman |
| 1:45 | Peasant |
| 1:53 | Footman |
| 1:59 | Peasant |
| 2:09 | Farm |
| 2:13 | Farm |
| 2:16 | Footman |
| 2:25 | Holy Light |
| 2:30 | Peasant |
| 2:51 | Peasant |
| 2:53 | Footman |
| 3:37 | Keep |
| 4:07 | Arcane Vault |
| 4:14 | Lumber Mill |
| 4:22 | Devotion Aura |
| 4:25 | Defend |
| 4:30 | Blacksmith |
| 4:32 | Blacksmith |
| 4:58 | Barracks |
| 5:58 | Scroll of Regeneration |
| 6:06 | Blacksmith |
| 6:09 | Iron Forged Swords |
| 6:13 | Rifleman |
| 6:19 | Farm |
| 6:20 | Farm |
| 6:33 | Footman |
| 6:59 | Long Rifles |
| 7:10 | Black Gunpowder |
| 7:20 | Divine Shield |
| 7:43 | Brilliance Aura |
| 7:53 | Scroll of Regeneration |
| 7:54 | Scroll of Regeneration |
| 7:57 | Rifleman |
| 9:01 | Footman |
| 9:05 | Iron Plating |
| 9:05 | Studded Leather Armor |
| 9:31 | Rifleman |
| 9:31 | Rifleman |
| 10:21 | Farm |
| 10:21 | Farm |
| 10:22 | Farm |
| 10:22 | Farm |
| 10:29 | Rifleman |
| 10:36 | Steel Forged Swords |
| 10:38 | Refined Gunpowder |
| 11:15 | Steel Plating |
| 11:15 | Reinforced Leather Armor |
| 11:27 | Summon Water Elemental |
| 12:37 | Devotion Aura |
| 12:52 | Rifleman |
| 12:52 | Rifleman |
| 13:39 | Brilliance Aura |
| 14:18 | Summon Water Elemental |
| Select group | 746 |
| Right click | 743 |
| Select | 119 |
| Build/train/purchase | 59 |
| Misc. action | 58 |
| Assign group | 22 |
| Use ability | 16 |
| Chat | 10 |
| Remove unit | 1 |